[Event "Czech Open-E Teams 2022"]
[Site "Pardubice"]
[Date "2022.07.16"]
[Round "4.7"]
[White "Chytilek, Roman"]
[Black "Kovar, Vojtech"]
[Result "1/2-1/2"]
[ECO "A06"]
[WhiteElo "2317"]
[BlackElo "2191"]
[Annotator "ChessBase"]
[PlyCount "28"]
[EventDate "2022.07.14"]
[EventType "team-tourn"]
[EventCountry "CZE"]
[SourceTitle "playchess.com"]
[Source "ChessBase"]
[SourceQuality "1"]
[TimeControl "5400+30"]

1. Nf3 d5 2. e3 Nf6 3. c4 e6 4. Nc3 Be7 5. d4 O-O 6. a3 b6 7. cxd5 exd5 8. Bd3 Bb7 9. Ne5 Nbd7 10. Qc2 c5 11. f4 cxd4 12. exd4 Nxe5 13. fxe5 Ne4 14. O-O Rc8 1/2-1/2

[Event "Czech Open-E Teams 2022"]
[Site "Pardubice"]
[Date "2022.07.16"]
[Round "4.8"]
[White "Vala, Filip"]
[Black "Vyskocil, Neklan"]
[Result "0-1"]
[ECO "E12"]
[WhiteElo "2139"]
[BlackElo "2286"]
[Annotator "ChessBase"]
[PlyCount "118"]
[EventDate "2022.07.14"]
[EventType "team-tourn"]
[EventCountry "CZE"]
[SourceTitle "playchess.com"]
[Source "ChessBase"]
[SourceQuality "1"]
[TimeControl "5400+30"]

1. d4 Nf6 2. Nf3 e6 3. c4 b6 4. a3 Bb7 5. Nc3 d5 6. cxd5 Nxd5 7. Qc2 Nxc3 8. bxc3 Nd7 9. e4 c5 10. Bd3 Qc7 11. O-O Be7 12. Qe2 Rc8 13. Bg5 Bxg5 14. Nxg5 h6 15. Nh3 e5 16. Bb5 O-O 17. Bxd7 Qxd7 18. d5 c4 19. f4 exf4 20. Nxf4 Qe7 21. Kh1 Rfe8 22. Rae1 Qe5 23. Qf3 Rcd8 24. Ng6 fxg6 25. Qf7+ Kh7 26. Qxb7 Rf8 27. Rf7 Rxf7 28. Qxf7 Qxc3 29. Rf1 Qe5 30. Qf3 Re8 31. Rd1 Qxe4 32. Qxe4 Rxe4 33. d6 Re8 34. Kg1 Kg8 35. Rc1 b5 36. a4 a6 37. axb5 axb5 38. Rb1 Rd8 39. Rxb5 Rxd6 40. Rc5 Rd4 41. Rc7 g5 42. Kf2 Kh7 43. Ke3 Rh4 44. h3 Kg6 45. Rc6+ Kf5 46. Rc7 Re4+ 47. Kf3 Rd4 48. Ke3 Rd3+ 49. Ke2 Rc3 50. Rxg7 Kf4 51. Kf2 Rc2+ 52. Kf1 Kg3 53. Rh7 Rf2+ 54. Ke1 Rf6 55. Rc7 Kxg2 56. h4 Rf4 57. hxg5 hxg5 58. Ke2 Re4+ 59. Kd2 g4 0-1

[Event "Czech Open-E Teams 2022"]
[Site "Pardubice"]
[Date "2022.07.16"]
[Round "4.9"]
[White "Obsivac, Josef"]
[Black "Stalmach, Richard"]
[Result "1-0"]
[ECO "E70"]
[WhiteElo "2272"]
[BlackElo "2363"]
[Annotator "ChessBase"]
[PlyCount "123"]
[EventDate "2022.07.14"]
[EventType "team-tourn"]
[EventCountry "CZE"]
[SourceTitle "playchess.com"]
[Source "ChessBase"]
[SourceQuality "1"]
[TimeControl "5400+30"]

1. d4 Nf6 2. c4 g6 3. Nc3 Bg7 4. e4 O-O 5. Be3 d6 6. h3 c5 7. d5 e6 8. Bd3 Re8 9. Nf3 exd5 10. exd5 Bh6 11. O-O Bxe3 12. fxe3 Nbd7 13. e4 Ne5 14. Nxe5 Rxe5 15. Qf3 Kg7 16. Rf2 Bd7 17. Raf1 Ng8 18. Qxf7+ Kh8 19. Qf4 a6 20. a4 Qe7 21. Be2 Rd8 22. Bg4 Qg7 23. Bxd7 Rxd7 24. Qf8 Qxf8 25. Rxf8 Kg7 26. a5 Nh6 27. Rb8 Nf7 28. Rf4 Ree7 29. b3 Ne5 30. Na4 Nf7 31. Nb6 Rc7 32. Rc8 Ne5 33. Rxc7 Rxc7 34. Kf1 Nd3 35. Rf3 Ne5 36. Re3 Rf7+ 37. Ke2 Rf6 38. Na4 g5 39. Nb2 Rg6 40. Nd3 Kf6 41. Nf2 h5 42. Kd2 g4 43. h4 Rg8 44. Nh1 Ng6 45. Ng3 Nxh4 46. Nxh5+ Ke5 47. g3 Nf3+ 48. Kc3 Rh8 49. Nf4 Rh1 50. Nd3+ Kf6 51. Nf2 Rc1+ 52. Kb2 Rf1 53. Nxg4+ Kg5 54. e5 dxe5 55. Nxe5 Rf2+ 56. Kc3 Nd4 57. Nd7 Kf5 58. Nxc5 Ne2+ 59. Kb4 Nd4 60. Rd3 Nc2+ 61. Kc3 Ne1 62. Rd2 1-0

[Event "Czech Open-E Teams 2022"]
[Site "Pardubice"]
[Date "2022.07.16"]
[Round "4.10"]
[White "Mica, Marek"]
[Black "Zeman, Matyas"]
[Result "1/2-1/2"]
[ECO "E01"]
[WhiteElo "2304"]
[BlackElo "2262"]
[Annotator "ChessBase"]
[PlyCount "120"]
[EventDate "2022.07.14"]
[EventType "team-tourn"]
[EventCountry "CZE"]
[SourceTitle "playchess.com"]
[Source "ChessBase"]
[SourceQuality "1"]
[TimeControl "5400+30"]

1. d4 Nf6 2. c4 e6 3. g3 d5 4. Bg2 Bb4+ 5. Nd2 O-O 6. Ngf3 b6 7. O-O Bb7 8. Ne5 Nbd7 9. Qa4 Bd6 10. Nxd7 Qxd7 11. Qxd7 Nxd7 12. cxd5 Bxd5 13. e4 Bb7 14. Rd1 Be7 15. Nc4 Nf6 16. Bg5 Rfe8 17. Bxf6 gxf6 18. Rac1 Rad8 19. Ne3 c5 20. d5 b5 21. b3 Bf8 22. Bf1 a6 23. a4 exd5 24. exd5 Bh6 25. Ng4 Bxc1 26. Nxf6+ Kf8 27. Rxc1 Re5 28. axb5 axb5 29. Rxc5 Rf5 30. Rxb5 Ba6 31. Rb6 Bxf1 32. Kxf1 Kg7 33. Ng4 Rfxd5 34. Ne3 Rd2 35. Nf5+ Kf8 36. Kg2 Re2 37. g4 Re6 38. Rb7 Rd2 39. Kg3 Re5 40. f3 h5 41. Kf4 Re6 42. h4 hxg4 43. fxg4 Rf2+ 44. Kg3 Rd2 45. h5 Kg8 46. g5 Rd5 47. Kf4 Rc5 48. Rb8+ Kh7 49. Rb7 Kg8 50. g6 fxg6 51. hxg6 Rf6 52. Rb8+ Rf8 53. Rxf8+ Kxf8 54. Nd4 Rc1 55. Kg5 Ke7 56. Nf5+ Ke6 57. Ng7+ Ke5 58. Nh5 Rg1+ 59. Kh6 Kd4 60. Nf4 Rxg6+ 1/2-1/2

[Event "Czech Open-E Teams 2022"]
[Site "Pardubice"]
[Date "2022.07.16"]
[Round "4.11"]
[White "Skacelik, Petr"]
[Black "Frank, Adam"]
[Result "1/2-1/2"]
[ECO "A41"]
[WhiteElo "2170"]
[BlackElo "2313"]
[Annotator "ChessBase"]
[PlyCount "89"]
[EventDate "2022.07.14"]
[EventType "team-tourn"]
[EventCountry "CZE"]
[SourceTitle "playchess.com"]
[Source "ChessBase"]
[SourceQuality "1"]
[TimeControl "5400+30"]

1. d4 d6 2. c4 e5 3. Nf3 Nd7 4. Nc3 g6 5. e4 Bg7 6. Be3 Ngf6 7. h3 exd4 8. Nxd4 O-O 9. Be2 Re8 10. Qc2 Nc5 11. f3 Nh5 12. O-O-O Ng3 13. Rhe1 Bd7 14. Qd2 a6 15. Kb1 Qb8 16. Nb3 Nxb3 17. axb3 a5 18. Bd4 Bc6 19. Bxg7 Kxg7 20. Qd4+ f6 21. Bd3 Qa7 22. Qxa7 Rxa7 23. Ne2 Nxe2 24. Rxe2 Raa8 25. Kc2 Re7 26. Kc3 Rae8 27. Kd4 f5 28. Rde1 f4 29. e5 dxe5+ 30. Rxe5 Rd8+ 31. Kc3 Red7 32. Re7+ Kf8 33. Rxd7 Rxd7 34. Be4 Re7 35. Kd4 Kg7 36. Ra1 Bxe4 37. fxe4 b6 38. Rf1 g5 39. Kd5 Kg6 40. Rf3 h5 41. h4 Rd7+ 42. Kc6 Re7 43. Kd5 Rd7+ 44. Kc6 Re7 45. Kd5 1/2-1/2

[Event "Czech Open-E Teams 2022"]
[Site "Pardubice"]
[Date "2022.07.16"]
[Round "4.12"]
[White "Gnojek, Petr"]
[Black "Bures, Vit"]
[Result "1-0"]
[ECO "D44"]
[WhiteElo "2295"]
[BlackElo "2112"]
[Annotator "ChessBase"]
[PlyCount "67"]
[EventDate "2022.07.14"]
[EventType "team-tourn"]
[EventCountry "CZE"]
[SourceTitle "playchess.com"]
[Source "ChessBase"]
[SourceQuality "1"]
[TimeControl "5400+30"]

1. d4 d5 2. c4 c6 3. Nf3 Nf6 4. Nc3 e6 5. Bg5 dxc4 6. e4 b5 7. e5 h6 8. Bh4 g5 9. Nxg5 hxg5 10. Bxg5 Nbd7 11. exf6 Bb7 12. g3 Qb6 13. Bg2 O-O-O 14. O-O c5 15. d5 b4 16. Rb1 Qa6 17. dxe6 Bxg2 18. e7 Bxf1 19. Kxf1 Bxe7 20. fxe7 Rdg8 21. Ne4 Rxg5 22. Nxg5 Re8 23. Qd5 Rxe7 24. Kg1 Qxa2 25. Qc6+ Kd8 26. Rd1 c3 27. Qb7 Re1+ 28. Rxe1 cxb2 29. Rd1 Qa4 30. Qb8+ Ke7 31. Re1+ Kf6 32. Qf4+ Kg6 33. Qxf7+ Kxg5 34. h4+ 1-0

[Event "Czech Open-E Teams 2022"]
[Site "Pardubice"]
[Date "2022.07.16"]
[Round "4.13"]
[White "Cukrowski, Filip"]
[Black "Hrdina, Robin"]
[Result "1-0"]
[ECO "A05"]
[WhiteElo "2378"]
[BlackElo "2162"]
[Annotator "ChessBase"]
[PlyCount "65"]
[EventDate "2022.07.14"]
[EventType "team-tourn"]
[EventCountry "CZE"]
[SourceTitle "playchess.com"]
[Source "ChessBase"]
[SourceQuality "1"]
[TimeControl "5400+30"]

1. Nf3 Nf6 2. d4 e6 3. g3 d5 4. Bg2 b5 5. a4 b4 6. c4 bxc3 7. Nxc3 Be7 8. Bf4 c6 9. O-O a5 10. e4 O-O 11. Qc2 Na6 12. Ne5 Nb4 13. Qd2 Ba6 14. Rfc1 Nd7 15. exd5 cxd5 16. Nb5 Rc8 17. Rxc8 Bxc8 18. Rc1 Nxe5 19. Bxe5 Bd7 20. Bf1 Bc6 21. b3 Qa8 22. Bc7 Rc8 23. Bb6 h6 24. h4 Bf8 25. Qf4 Na2 26. Rc2 Nb4 27. Rc3 Bxb5 28. Rxc8 Qxc8 29. axb5 Qc3 30. Qb8 Qe1 31. Bc5 Nd3 32. Qxf8+ Kh7 33. Qxf7 1-0

[Event "Czech Open-E Teams 2022"]
[Site "Pardubice"]
[Date "2022.07.16"]
[Round "4.14"]
[White "Zvolensky, David"]
[Black "Kulon, Klaudia"]
[Result "1-0"]
[ECO "D31"]
[WhiteElo "2196"]
[BlackElo "2286"]
[Annotator "ChessBase"]
[PlyCount "87"]
[EventDate "2022.07.14"]
[EventType "team-tourn"]
[EventCountry "CZE"]
[SourceTitle "playchess.com"]
[Source "ChessBase"]
[SourceQuality "1"]
[TimeControl "5400+30"]

1. d4 d5 2. c4 e6 3. Nc3 c6 4. e4 Bb4 5. e5 dxc4 6. Bxc4 c5 7. a3 Ba5 8. dxc5 Bxc3+ 9. bxc3 Qxd1+ 10. Kxd1 Nd7 11. Bb5 Ne7 12. Nf3 O-O 13. Be3 Nd5 14. Bd4 Nc7 15. Bd3 b6 16. cxb6 axb6 17. Ng5 h6 18. Ne4 Ba6 19. c4 Bb7 20. Ke2 Ra5 21. Rhb1 Na6 22. f4 Bxe4 23. Bxe4 Nac5 24. Bc6 Rc8 25. Bb5 Kf8 26. Bc3 Ra7 27. Bb4 Ke7 28. Rd1 f6 29. Rd6 fxe5 30. Rad1 Nf6 31. Rxb6 Kf7 32. fxe5 Ng4 33. Rc6 Rxc6 34. Bxc6 Nb3 35. Rf1+ Kg6 36. Be4+ Kg5 37. Bd6 Nxh2 38. Rb1 Na5 39. Bc5 Rf7 40. Be3+ Kh4 41. Rb4 Ng4 42. Bb6 Rf4 43. c5 Nb3 44. g3+ 1-0

[Event "Czech Open-E Teams 2022"]
[Site "Pardubice"]
[Date "2022.07.16"]
[Round "4.15"]
[White "Mondrzycki, Bartlomiej"]
[Black "Pychova, Nela"]
[Result "1/2-1/2"]
[ECO "A46"]
[WhiteElo "2180"]
[BlackElo "2075"]
[Annotator "ChessBase"]
[PlyCount "49"]
[EventDate "2022.07.14"]
[EventType "team-tourn"]
[EventCountry "CZE"]
[SourceTitle "playchess.com"]
[Source "ChessBase"]
[SourceQuality "1"]
[TimeControl "5400+30"]

1. d4 Nf6 2. Nf3 e6 3. Bg5 Be7 4. Nbd2 d5 5. e3 c5 6. c3 O-O 7. Bd3 Nc6 8. O-O Qc7 9. Qc2 h6 10. Bxf6 Bxf6 11. dxc5 a5 12. a4 Ne5 13. Nxe5 Bxe5 14. Nf3 Bf6 15. e4 dxe4 16. Bxe4 Qxc5 17. Rad1 Ra7 18. Nd4 b6 19. Nb5 Rd7 20. Qe2 Rfd8 21. Rxd7 Bxd7 22. Rd1 Bxb5 23. Rxd8+ Bxd8 24. Qxb5 Qxb5 25. axb5 1/2-1/2

[Event "Czech Open-E Teams 2022"]
[Site "Pardubice"]
[Date "2022.07.16"]
[Round "4.16"]
[White "Dudek, Vojtech"]
[Black "Daniel, Damian"]
[Result "1-0"]
[ECO "B06"]
[WhiteElo "2006"]
[BlackElo "2172"]
[Annotator "ChessBase"]
[PlyCount "131"]
[EventDate "2022.07.14"]
[EventType "team-tourn"]
[EventCountry "CZE"]
[SourceTitle "playchess.com"]
[Source "ChessBase"]
[SourceQuality "1"]
[TimeControl "5400+30"]

1. d4 d6 2. e4 g6 3. Nc3 Bg7 4. Nf3 Nd7 5. Bc4 e6 6. Bg5 Ne7 7. Qd2 h6 8. Bf4 a6 9. a4 Nf6 10. O-O g5 11. Bg3 Nh5 12. Rad1 Ng6 13. Ne2 O-O 14. Ne1 Nxg3 15. Nxg3 Bd7 16. a5 Kh7 17. Nh5 Bh8 18. c3 f5 19. exf5 exf5 20. f4 g4 21. Nc2 Bb5 22. Qd3 Qd7 23. Ne3 Rae8 24. Bxb5 Qxb5 25. c4 Qd7 26. Ng3 Nh4 27. Nxg4 Qc6 28. Rd2 Rf7 29. Ne3 Ref8 30. Nd5 Qd7 31. Re2 c5 32. dxc5 dxc5 33. Rfe1 Bd4+ 34. Kh1 Ng6 35. b3 Qd8 36. Qf3 Qh4 37. Re6 Qg4 38. Qxg4 fxg4 39. Ne2 Nh4 40. Nxd4 cxd4 41. Rd1 Nf5 42. Kg1 Kg7 43. Kf2 Rc8 44. Ke2 Rc5 45. Ra1 Rc6 46. Rxc6 bxc6 47. Nb4 Rb7 48. Nxa6 Rxb3 49. Nc5 Re3+ 50. Kd2 Nd6 51. a6 Nxc4+ 52. Kd1 Nb6 53. a7 Na8 54. Ra6 Re7 55. Kd2 Rf7 56. Kd3 Rf6 57. g3 Rd6 58. Nb7 Re6 59. Nc5 Rd6 60. Nb3 Rd7 61. Rxc6 Rxa7 62. Nxd4 Rf7 63. Ke4 Rf6 64. Nf5+ Kg6 65. Rxf6+ Kxf6 66. Nxh6 1-0

[Event "Czech Open-E Teams 2022"]
[Site "Pardubice"]
[Date "2022.07.16"]
[Round "4.17"]
[White "Walek, Petr"]
[Black "Polak, Tomas"]
[Result "1/2-1/2"]
[ECO "B12"]
[WhiteElo "2237"]
[BlackElo "2512"]
[Annotator "ChessBase"]
[PlyCount "107"]
[EventDate "2022.07.14"]
[EventType "team-tourn"]
[EventCountry "CZE"]
[SourceTitle "playchess.com"]
[Source "ChessBase"]
[SourceQuality "1"]
[TimeControl "5400+30"]

1. e4 c6 2. d4 d5 3. e5 Bf5 4. Nd2 e6 5. Nb3 Nd7 6. Nf3 Bg6 7. Be2 Nh6 8. O-O Nf5 9. a4 h5 10. a5 a6 11. Bf4 Be7 12. Re1 Rc8 13. c4 dxc4 14. Bxc4 O-O 15. Nfd2 Bb4 16. Ra4 c5 17. dxc5 Bxc5 18. Ne4 b5 19. axb6 Nxb6 20. Qxd8 Rfxd8 21. Bxa6 Nxa4 22. Bxc8 Bxf2+ 23. Kxf2 Rxc8 24. Re2 Ne7 25. Bc1 Nd5 26. Nd6 Rb8 27. Na5 Nb4 28. Kg3 Nd3 29. Bg5 Naxb2 30. Nc6 Ra8 31. Re3 Nd1 32. Rf3 Ne1 33. Rb3 Ra2 34. Ne7+ Kh7 35. h3 Rxg2+ 36. Kh4 Rg1 37. Bd2 Bc2 38. Rg3 Bg6 39. Nxg6 fxg6 40. Rxg1 Nf3+ 41. Kg3 Nxg1 42. Nf7 Ne2+ 43. Kf3 Nd4+ 44. Ke4 Nf5 45. Kf3 Nb2 46. Ng5+ Kg8 47. Nxe6 Nc4 48. Bc3 Nb6 49. Nf4 Kf7 50. Ke4 Ng3+ 51. Kf3 g5 52. e6+ Ke8 53. Bxg7 gxf4 54. Kxf4 1/2-1/2

[Event "Czech Open-E Teams 2022"]
[Site "Pardubice"]
[Date "2022.07.16"]
[Round "4.18"]
[White "Nemec, Jachym"]
[Black "Kratochvil, Vit"]
[Result "1/2-1/2"]
[ECO "E71"]
[WhiteElo "2357"]
[BlackElo "2237"]
[Annotator "ChessBase"]
[PlyCount "62"]
[EventDate "2022.07.14"]
[EventType "team-tourn"]
[EventCountry "CZE"]
[SourceTitle "playchess.com"]
[Source "ChessBase"]
[SourceQuality "1"]
[TimeControl "5400+30"]

1. d4 Nf6 2. c4 g6 3. Nc3 Bg7 4. e4 d6 5. h3 O-O 6. Be3 Na6 7. Nf3 c5 8. d5 e6 9. Bd3 Re8 10. O-O Nc7 11. Re1 exd5 12. cxd5 b5 13. e5 dxe5 14. Bxc5 b4 15. Bxb4 Ncxd5 16. Nxd5 Nxd5 17. Bc5 Bb7 18. Qb3 Nf4 19. Bc4 Bd5 20. Rad1 Bxc4 21. Qxc4 Qc7 22. Qb4 Qc6 23. Qa3 e4 24. Nd4 Qb7 25. Qe3 Nd5 26. Qb3 Qxb3 27. Nxb3 Nf4 28. Bd4 Nd3 29. Re2 a5 30. Bxg7 Kxg7 31. Nd2 f5 1/2-1/2

[Event "Czech Open-E Teams 2022"]
[Site "Pardubice"]
[Date "2022.07.16"]
[Round "4.19"]
[White "Ruzicka, Josef"]
[Black "Kusa, Jakub"]
[Result "0-1"]
[ECO "C27"]
[WhiteElo "2177"]
[BlackElo "2353"]
[Annotator "ChessBase"]
[PlyCount "118"]
[EventDate "2022.07.14"]
[EventType "team-tourn"]
[EventCountry "CZE"]
[SourceTitle "playchess.com"]
[Source "ChessBase"]
[SourceQuality "1"]
[TimeControl "5400+30"]

1. e4 e5 2. Nc3 Nf6 3. Bc4 Nxe4 4. Qh5 Nd6 5. Bb3 Be7 6. Nf3 Nc6 7. Nxe5 g6 8. Nxc6 dxc6 9. Qf3 O-O 10. d3 Nf5 11. O-O Nd4 12. Qd1 a5 13. Be3 Bf5 14. Re1 Bb4 15. a3 Nxb3 16. cxb3 Be7 17. d4 Qd7 18. d5 c5 19. Qd2 Rad8 20. Rad1 Bd6 21. f3 h5 22. Bg5 Rde8 23. Bf6 Bxh2+ 24. Kxh2 Qd6+ 25. Kg1 Qxf6 26. Ne4 Bxe4 27. fxe4 b6 28. b4 axb4 29. axb4 cxb4 30. Qxb4 Re7 31. d6 cxd6 32. Rxd6 Re6 33. e5 Qf5 34. Rxb6 Rxe5 35. Rf1 Qc2 36. Rbf6 Re2 37. Qb7 Qxb2 38. Qd5 Qc2 39. Kh1 Qe4 40. Qg5 Re1 41. Rxe1 Qxe1+ 42. Kh2 Kg7 43. Rf3 Qe6 44. Qc5 Re8 45. Qa7 Qe5+ 46. g3 Re7 47. Qf2 h4 48. Rf4 hxg3+ 49. Qxg3 g5 50. Rf2 Qxg3+ 51. Kxg3 Kg6 52. Ra2 Re3+ 53. Kf2 Rb3 54. Kg2 g4 55. Ra5 f5 56. Rc5 f4 57. Ra5 Rb2+ 58. Kg1 g3 59. Kf1 f3 0-1

[Event "Czech Open-E Teams 2022"]
[Site "Pardubice"]
[Date "2022.07.16"]
[Round "4.20"]
[White "Pisk, Petr"]
[Black "Kosut, Tomas"]
[Result "1/2-1/2"]
[ECO "A46"]
[WhiteElo "2329"]
[BlackElo "1820"]
[Annotator "ChessBase"]
[PlyCount "40"]
[EventDate "2022.07.14"]
[EventType "team-tourn"]
[EventCountry "CZE"]
[SourceTitle "playchess.com"]
[Source "ChessBase"]
[SourceQuality "1"]
[TimeControl "5400+30"]

1. d4 Nf6 2. Nf3 e6 3. Bg5 Be7 4. Nbd2 O-O 5. e3 b6 6. Bd3 Bb7 7. O-O d6 8. a4 a5 9. Bxf6 Bxf6 10. c3 Nd7 11. Qc2 g6 12. e4 c5 13. Bb5 cxd4 14. cxd4 Rc8 15. Qd3 Bg7 16. Rac1 Nf6 17. Ba6 Qd7 18. Bxb7 Qxb7 19. g3 Bh6 20. Rc3 Rxc3 1/2-1/2

[Event "Czech Open-E Teams 2022"]
[Site "Pardubice"]
[Date "2022.07.16"]
[Round "4.21"]
[White "Svoboda, Vaclav"]
[Black "Stinka, Jakub"]
[Result "1/2-1/2"]
[ECO "C77"]
[WhiteElo "2397"]
[BlackElo "2335"]
[Annotator "ChessBase"]
[PlyCount "97"]
[EventDate "2022.07.14"]
[EventType "team-tourn"]
[EventCountry "CZE"]
[SourceTitle "playchess.com"]
[Source "ChessBase"]
[SourceQuality "1"]
[TimeControl "5400+30"]

1. e4 e5 2. Nf3 Nc6 3. Bb5 a6 4. Ba4 Nf6 5. Qe2 b5 6. Bb3 Bc5 7. c3 d6 8. O-O O-O 9. Rd1 Bb6 10. h3 Na5 11. Bc2 c5 12. d4 cxd4 13. cxd4 exd4 14. Nxd4 h6 15. Bf4 Qe7 16. Nf3 Nc4 17. a4 Bd7 18. Nc3 Bc5 19. Rab1 Rac8 20. Bd3 Rfe8 21. axb5 axb5 22. Rbc1 b4 23. Nb1 Ne5 24. Nxe5 dxe5 25. Be3 Ba4 26. Re1 Red8 27. Ba6 Rc7 28. Bxc5 Rxc5 29. Nd2 Rxc1 30. Rxc1 Qd6 31. Nf3 Bd1 32. Qc4 Bxf3 33. gxf3 Nh5 34. Qc7 Nf4 35. Qxd6 Rxd6 36. Rc8+ Kh7 37. Bc4 Rd1+ 38. Kh2 Rd2 39. Kg3 Rxb2 40. Bxf7 g5 41. Rb8 Ne2+ 42. Kg4 Nd4 43. Kh5 Kg7 44. Bd5 Rxf2 45. Rxb4 Rxf3 46. Rb7+ Kf8 47. Kxh6 Rxh3+ 48. Kxg5 Rf3 49. Kg6 1/2-1/2

[Event "Czech Open-E Teams 2022"]
[Site "Pardubice"]
[Date "2022.07.16"]
[Round "4.22"]
[White "Trepka, Jan"]
[Black "Oresky, Jan"]
[Result "1/2-1/2"]
[ECO "E00"]
[WhiteElo "2141"]
[BlackElo "2274"]
[Annotator "ChessBase"]
[PlyCount "58"]
[EventDate "2022.07.14"]
[EventType "team-tourn"]
[EventCountry "CZE"]
[SourceTitle "playchess.com"]
[Source "ChessBase"]
[SourceQuality "1"]
[TimeControl "5400+30"]

1. d4 Nf6 2. c4 e6 3. a3 b6 4. Nc3 Bb7 5. Bf4 Be7 6. Nf3 O-O 7. Qc2 d5 8. cxd5 exd5 9. e3 c5 10. Be2 Nc6 11. O-O Rc8 12. Rfd1 Re8 13. Ne5 cxd4 14. Nxc6 Bxc6 15. exd4 Bd6 16. Bxd6 Qxd6 17. Rac1 Bd7 18. Bf3 Bg4 19. Qd3 Qf4 20. Bxg4 Qxg4 21. h3 Qg5 22. Rc2 Nh5 23. Qf3 Nf4 24. g3 Qg6 25. Rcd2 Nxh3+ 26. Kg2 Ng5 27. Qxd5 Ne6 28. Qf3 Ng5 29. Qd3 Ne4 1/2-1/2

[Event "Czech Open-E Teams 2022"]
[Site "Pardubice"]
[Date "2022.07.16"]
[Round "4.23"]
[White "Vedral, Oldrich"]
[Black "Hejl, Jaroslav"]
[Result "1-0"]
[ECO "B33"]
[WhiteElo "2268"]
[BlackElo "2125"]
[Annotator "ChessBase"]
[PlyCount "47"]
[EventDate "2022.07.14"]
[EventType "team-tourn"]
[EventCountry "CZE"]
[SourceTitle "playchess.com"]
[Source "ChessBase"]
[SourceQuality "1"]
[TimeControl "5400+30"]

1. e4 c5 2. Nf3 Nc6 3. d4 cxd4 4. Nxd4 Nf6 5. Nc3 g6 6. Nxc6 bxc6 7. e5 Ng8 8. Bc4 Bg7 9. Qf3 f5 10. Bf4 Qa5 11. O-O Bxe5 12. b4 Qc7 13. Nb5 cxb5 14. Bxe5 Bb7 15. Bxc7 Bxf3 16. Bxg8 Rxg8 17. gxf3 d6 18. a4 Rc8 19. Ba5 bxa4 20. Rfc1 Rc3 21. Rxa4 Kd7 22. b5 Rc5 23. c4 Rgc8 24. Bd2 1-0

[Event "Czech Open-E Teams 2022"]
[Site "Pardubice"]
[Date "2022.07.16"]
[Round "4.24"]
[White "Fiala, Jan"]
[Black "Cuhra, Martin"]
[Result "0-1"]
[ECO "B35"]
[WhiteElo "2019"]
[BlackElo "2225"]
[Annotator "ChessBase"]
[PlyCount "88"]
[EventDate "2022.07.14"]
[EventType "team-tourn"]
[EventCountry "CZE"]
[SourceTitle "playchess.com"]
[Source "ChessBase"]
[SourceQuality "1"]
[TimeControl "5400+30"]

1. e4 c5 2. Nf3 g6 3. d4 cxd4 4. Nxd4 Bg7 5. Nc3 Nc6 6. Be3 Nf6 7. Bc4 O-O 8. Bb3 d6 9. f3 Bd7 10. Qd2 Nxd4 11. Bxd4 b5 12. a4 b4 13. Nd5 Nxd5 14. Bxg7 Kxg7 15. exd5 a5 16. Qd4+ f6 17. O-O Qc7 18. Rfe1 Rfe8 19. Re2 Qa7 20. Qxa7 Rxa7 21. Rae1 Kf7 22. Kf2 Rc7 23. g4 Bc8 24. Rd2 Rh8 25. h3 h5 26. Kg3 hxg4 27. hxg4 Bb7 28. Rh2 Rxh2 29. Kxh2 Rc5 30. Rd1 Ba6 31. Rd4 Rc8 32. Kg3 Rh8 33. Kg2 Rc8 34. Kg3 Ke8 35. Re4 Kd7 36. g5 fxg5 37. Kg4 Rf8 38. Kxg5 Rxf3 39. Rg4 Be2 40. Rg2 Bf1 41. Rg1 Bh3 42. Kxg6 Bf5+ 43. Kg5 Rf2 44. Rc1 Be4 0-1

[Event "Czech Open-E Teams 2022"]
[Site "Pardubice"]
[Date "2022.07.16"]
[Round "4.25"]
[White "Buchcar, Tomas"]
[Black "Vojta, Jakub"]
[Result "1/2-1/2"]
[ECO "B20"]
[WhiteElo "2207"]
[BlackElo "2326"]
[Annotator "ChessBase"]
[PlyCount "46"]
[EventDate "2022.07.14"]
[EventType "team-tourn"]
[EventCountry "CZE"]
[SourceTitle "playchess.com"]
[Source "ChessBase"]
[SourceQuality "1"]
[TimeControl "5400+30"]

1. e4 c5 2. Be2 Nc6 3. f4 g6 4. Nf3 Bg7 5. d3 d6 6. O-O e6 7. Qe1 b5 8. Nbd2 Rb8 9. Bd1 Nge7 10. Kh1 a5 11. a4 b4 12. Rb1 d5 13. b3 Nd4 14. Qf2 dxe4 15. Nxe4 Qc7 16. Ne5 O-O 17. Bb2 Nef5 18. Ng4 Qe7 19. Ne5 Bb7 20. Re1 Rfd8 21. Kg1 Rbc8 22. Nc4 Qc7 23. Bg4 Bd5 1/2-1/2

[Event "Czech Open-E Teams 2022"]
[Site "Pardubice"]
[Date "2022.07.16"]
[Round "4.26"]
[White "Virostko, Petr"]
[Black "Bach, Markus"]
[Result "1/2-1/2"]
[ECO "B12"]
[WhiteElo "2326"]
[BlackElo "2192"]
[Annotator "ChessBase"]
[PlyCount "32"]
[EventDate "2022.07.14"]
[EventType "team-tourn"]
[EventCountry "CZE"]
[SourceTitle "playchess.com"]
[Source "ChessBase"]
[SourceQuality "1"]
[TimeControl "5400+30"]

1. e4 c6 2. d4 d5 3. e5 Bf5 4. c4 Na6 5. a3 Nc7 6. Nc3 dxc4 7. Bxc4 e6 8. Nge2 Ne7 9. Ng3 Bg6 10. h4 h6 11. h5 Bh7 12. Be3 Ned5 13. Nce4 Qd7 14. O-O O-O-O 15. Qf3 f5 16. Nc3 g5 1/2-1/2

[Event "Czech Open-E Teams 2022"]
[Site "Pardubice"]
[Date "2022.07.16"]
[Round "4.27"]
[White "Zimmermann, Rene"]
[Black "Nytra, Ondrej"]
[Result "1-0"]
[ECO "D02"]
[WhiteElo "2201"]
[BlackElo "2214"]
[Annotator "ChessBase"]
[PlyCount "53"]
[EventDate "2022.07.14"]
[EventType "team-tourn"]
[EventCountry "CZE"]
[SourceTitle "playchess.com"]
[Source "ChessBase"]
[SourceQuality "1"]
[TimeControl "5400+30"]

1. d4 d5 2. Nf3 c6 3. c4 e6 4. Qc2 dxc4 5. a4 Bb4+ 6. Bd2 Bxd2+ 7. Nbxd2 b5 8. e3 a5 9. axb5 cxb5 10. b3 Nf6 11. bxc4 b4 12. Bd3 O-O 13. O-O Bd7 14. Rfb1 Qe7 15. Ne5 Rc8 16. c5 Nc6 17. Nxd7 Nxd7 18. Bxh7+ Kh8 19. Be4 f5 20. Bxc6 Rxc6 21. Rxb4 e5 22. Rb7 Rb8 23. Rxb8+ Nxb8 24. Qxf5 exd4 25. exd4 Rf6 26. Qe5 Qb7 27. Rb1 1-0

[Event "Czech Open-E Teams 2022"]
[Site "Pardubice"]
[Date "2022.07.16"]
[Round "4.28"]
[White "Vojta, Tomas"]
[Black "Bach, Ulf-Gunter"]
[Result "1-0"]
[ECO "B12"]
[WhiteElo "2319"]
[BlackElo "2014"]
[Annotator "ChessBase"]
[PlyCount "33"]
[EventDate "2022.07.14"]
[EventType "team-tourn"]
[EventCountry "CZE"]
[SourceTitle "playchess.com"]
[Source "ChessBase"]
[SourceQuality "1"]
[TimeControl "5400+30"]

1. e4 c6 2. d4 d5 3. e5 Bf5 4. Nc3 e6 5. g4 Bg6 6. Nge2 Bb4 7. h4 Be4 8. Rh3 h5 9. Ng3 Nh6 10. Nxh5 Kf8 11. a3 Bxc3+ 12. bxc3 Bxc2 13. Qxc2 Nxg4 14. Bg5 f6 15. Qg6 Qe7 16. exf6 gxf6 17. Nxf6 1-0

[Event "Czech Open-E Teams 2022"]
[Site "Pardubice"]
[Date "2022.07.16"]
[Round "4.31"]
[White "Buran, Jaroslav"]
[Black "Simet, Martin"]
[Result "1/2-1/2"]
[ECO "A46"]
[WhiteElo "2038"]
[BlackElo "2155"]
[Annotator "ChessBase"]
[PlyCount "41"]
[EventDate "2022.07.14"]
[EventType "team-tourn"]
[EventCountry "CZE"]
[SourceTitle "playchess.com"]
[Source "ChessBase"]
[SourceQuality "1"]
[TimeControl "5400+30"]

1. d4 Nf6 2. Nf3 e6 3. e3 b6 4. Bd3 Bb7 5. O-O c5 6. c4 Be7 7. Nc3 d5 8. cxd5 exd5 9. b3 O-O 10. Bb2 Nc6 11. Rc1 Na5 12. Ne5 a6 13. dxc5 bxc5 14. Na4 Rc8 15. Qe2 c4 16. bxc4 Nxc4 17. Nxc4 dxc4 18. Bxc4 Qa5 19. Bb3 Qg5 20. f3 Rce8 21. Rfd1 1/2-1/2